 Dungeon Crawl Stone Soup version 0.21-a0-349-g0c35859 (webtiles) character file.

229 Monsterracer the Chopper (level 6, -7/56 HPs)
             Began as a Hill Orc Berserker on Oct 7, 2017.
             Was a Priest of Trog.
             Mangled by a gnoll
             ... wielding a +0 halberd
              (9 damage)
             ... on level 3 of the Dungeon.
             The game lasted 00:02:51 (3198 turns).

Monsterracer the Chopper (Hill Orc Berserker)       Turns: 3198, Time: 00:02:52

Health: -7/56      AC:  6    Str: 22    XL:     6   Next: 3%
Magic:  6/6        EV: 11    Int:  7    God:    Trog [***...]
Gold:   168        SH:  0    Dex: 10    Spells: 5/5 levels left

rFire    + . .     SeeInvis .   q - +1 war axe
rCold    + . .     Gourm    .   (no shield)
rNeg     . . .     Faith    .   p - +1 ring mail
rPois    .         Spirit   .   (no helmet)
rElec    .         Reflect  .   d - scarf {rC+ rF+}
rCorr    .         Harm     .   (no gloves)
MR       .....                  (no boots)
Stlth    ..........             (no amulet)
HPRegen  0.18/turn              (no ring)
MPRegen  0.10/turn              (no ring)

@: berserk cooldown, slowed, very slow
A: no striking features
a: Berserk, Trog's Hand, Burn Spellbooks, Renounce Religion


You were on level 3 of the Dungeon.
You worshipped Trog.
Trog was most pleased with you.
You were hungry.

You visited 1 branch of the dungeon, and saw 3 of its levels.

You collected 168 gold pieces.

Inventory:

Hand Weapons
 q - a +1 war axe (weapon)
Armour
 d - a scarf of resistance (worn)
 p - a +1 ring mail (worn)
Scrolls
 f - a scroll of teleportation
 l - a scroll of blinking
Potions
 a - a potion of cancellation {unknown}
 b - a potion of heal wounds {unknown}
 k - 2 potions of lignification
 m - a potion of curing
Comestibles
 c - 3 bread rations
 g - 2 meat rations
 h - a royal jelly


   Skills:
 + Level 5.0 Fighting
 * Level 6.7 Axes
 + Level 3.8 Armour
 - Level 1.5 Dodging


You had 5 spell levels left.
You didn't know any spells.

Dungeon Overview and Level Annotations

Branches:
Dungeon (3/15)

Altars:
Cheibriados
Hepliaklqana


Message History

The gnoll barely misses you.
Damage: -3%(-2hp) hp: 23%(16hp)
The gnoll closely misses you.
Unknown command.
You slice the gnoll!!
You kill the gnoll!
Trog accepts your kill.
Your Fighting skill increases to level 5!
You have reached level 6!
Your experience leads to an increase in your attributes!
Your base attributes are Str 21, Int 7, Dex 10.
Increase (S)trength, (I)ntelligence, or (D)exterity?
You feel stronger.
You are no longer berserk.
You are exhausted.
You feel yourself slow down. The gnoll barely misses you. x2
Huge Dmg: -11%(-6hp) hp: 25%(14hp)
You hit the gnoll.
The gnoll is lightly wounded.
You closely miss the gnoll. The gnoll barely misses you.
The gnoll hits you but does no damage.
You hit the gnoll.
The gnoll is heavily wounded.
You hit the gnoll but do no damage. The gnoll hits you with a spear.
* * * LOW HITPOINT WARNING * * *
The gnoll hits you with a halberd!
* * * LOW HITPOINT WARNING * * *
The gnoll hits you but does no damage. The gnoll hits you with a halberd!
You die...

.......# .......#
.#.#+##############
.#.#.#.......÷....# #
.#.....####..####.###.#
(##.#..##.$..# ##.....#
.##....##.##.###)$.#####
####.#.##...!..g......)#
#.#.##.......@.._.#.#
#.#.###.##..g.......#
#.#.# #$ #....♣.....#
#.... .. #..........# ##
#.## ##._.......#
#........## #)#......#
#.########


You could see 2 gnolls.

Vanquished Creatures
  An orc priest (D:2)
  An orc wizard (D:2)
  2 gnolls (D:3)
  7 adders
  An ooze (D:3)
  2 worms
  6 orcs
  2 ball pythons
  4 bats
  2 giant cockroaches (D:1)
  7 hobgoblins
  8 jackals
  12 kobolds
  A quokka (D:2)
  8 frilled lizards
  6 goblins
  13 rats
83 creatures vanquished.

Notes
Turn   | Place    | Note
-------+----------+-------------------------------------------
     0 | D:1      | Monsterracer the Hill Orc Berserker began the quest for the Orb.
     0 | D:1      | Reached XP level 1. HP: 19/19 MP: 1/1
   285 | D:1      | Reached XP level 2. HP: 20/27 MP: 2/2
   765 | D:1      | Reached ** piety under Trog
   773 | D:1      | Reached XP level 3. HP: 15/33 MP: 3/3
  1341 | D:2      | Reached skill level 5 in Axes
  1716 | D:2      | Reached XP level 4. HP: 39/40 MP: 4/4
  2346 | D:2      | Reached skill level 6 in Axes
  2346 | D:2      | Reached XP level 5. HP: 47/47 MP: 5/5
  2785 | D:3      | Reached *** piety under Trog
  3182 | D:3      | Found a hazy altar of Hepliaklqana.
  3183 | D:3      | Found a snail-covered altar of Cheibriados.
  3195 | D:3      | Reached skill level 5 in Fighting
  3195 | D:3      | Reached XP level 6. HP: 20/56 MP: 6/6
  3198 | D:3      | HP: 2/56 [gnoll/halberd (10)]
  3198 | D:3      | Mangled by a gnoll

Vault maps used:
D:1:      lightli_arrival_statuegarden
D:2:      minmay_diamond_boxcup
D:3:      grunt_temple_overflow_open, first_bread, kennysheep_generic_room_5

Skill      XL: |  1  2  3  4  5 |
---------------+----------------+-----
Fighting       | 4 5 |  5.0
Axes           | 5 6 |  6.7
Armour         | 3 |  3.8
Dodging        | |  1.5

Action                   |  1- 3 |  4- 6 || total
-------------------------+-------+-------++-------
Melee: Hand axe          |   116 |    75 ||   191
       War axe           |       |    38 ||    38
Invok: Berserk           |     1 |     6 ||     7
  Use: Scroll            |       |    10 ||    10
  Eat: Chunk             |     3 |    10 ||    13
Armor: Animal skin       |    15 |     2 ||    17
       Ring mail         |       |    35 ||    35
Dodge: Dodged            |    85 |    73 ||   158

Table legend:
 A = Spawn XP
 B = Non-spawn XP
 C = Spawn XP percentage of total XP
 D = Spawn monster count
 E = Non-spawn monster count
 F = Spawn count percentage of total count
 G = Total turns spent on level
                    A         B        C        D         E        F      G
               +---------+---------+-------+---------+---------+-------+---------
         Total |       0 |     328 |   0.0 |       0 |      83 |   0.0 |  3198
               +---------+---------+-------+---------+---------+-------+---------
           D:1 |       0 |      40 |   0.0 |       0 |      27 |   0.0 |  1302
           D:2 |       0 |     207 |   0.0 |       0 |      37 |   0.0 |  1432
           D:3 |       0 |      81 |   0.0 |       0 |      19 |   0.0 |   464
               +---------+---------+-------+---------+---------+-------+---------

Vault maps used:
D:1:      lightli_arrival_statuegarden
D:2:      minmay_diamond_boxcup
D:3:      grunt_temple_overflow_open, first_bread, kennysheep_generic_room_5
